Map: Research Site JD-2

Players

salkino

  • Race: Protoss Protoss
  • Spawn Location: 12:00

GruntMaster

  • Race: Terran Terran
  • Spawn Location: 12:00

Gram

  • Race: Zerg Zerg
  • League: Bronze
  • Spawn Location: 1:00

sroka

  • Race: Zerg Zerg
  • Spawn Location: 3:00

Oenomaus - Winner!

  • Race: Zerg Zerg
  • League: Platinum
  • Spawn Location: 6:00

Thomass - Winner!

  • Race: Zerg Zerg
  • Spawn Location: 7:00

DaemonHell - Winner!

  • Race: Protoss Protoss
  • Spawn Location: 6:00

Fermi - Winner!

  • Race: Terran Terran
  • League: Gold
  • Spawn Location: 7:00

VOD

Have the link to the VOD?

Description

Time

  • Played on: March 2, 2016, 3:31 p.m.
  • Length: 15:21
Show
View Real Time Build Order
Export as new Build Order

salkino Protoss 

Build Orders:  

Get SALT Encoding   

  12  0:02  Probe (Chrono Boost)  
  13  0:12  Probe (Chrono Boost)  
  14  0:23  Probe (Chrono Boost), Pylon  
  15  0:34  Assimilator  
  15  0:40  Assimilator  
  15  0:47  Gateway  
  16  0:50  Probe (Chrono Boost)  
  16  1:00  Probe (Chrono Boost)  
  17  1:11  Probe (Chrono Boost)  
  18  1:21  Probe (Chrono Boost)  
  19  1:29  Pylon  
  19  1:32  Probe (Chrono Boost)  
  20  1:42  Cybernetics Core  
  20  1:45  Probe (Chrono Boost)  
  21  1:56  Probe (Chrono Boost)  
  22  2:12  Probe (Chrono Boost)  
  23  2:19  Stargate  
  23  2:30  Nexus  
  23  2:34  Assimilator  
  23  2:38  Assimilator  
  23  2:49  Zealot  
  25  3:12  Fleet Beacon  
  25  3:16  Zealot, Pylon  
  27  3:45  Zealot  
  29  3:48  Probe (Chrono Boost)  
  29  3:49  Probe (Chrono Boost)  
  31  3:59  Probe (Chrono Boost)  
  28  4:28  Tempest  
  32  4:42  Probe (Chrono Boost)  
  32  4:43  Probe (Chrono Boost)  
  32  4:53  Probe x2 (Chrono Boost)  
  34  5:03  Stargate  
  34  5:04  Probe (Chrono Boost)  
  34  5:05  Pylon x2  
  36  5:11  Tempest  
  39  5:14  Probe (Chrono Boost)  
  39  5:15  Mothership Core (Chrono Boost)  
  42  5:25  Probe (Chrono Boost)  
  44  5:35  Probe (Chrono Boost)  
  27  6:12  Tempest x2  
  25  6:30  Probe (Chrono Boost)  
  26  6:40  Probe (Chrono Boost)  
  27  6:51  Probe (Chrono Boost)  
  28  7:01  Probe (Chrono Boost)  
  29  7:12  Probe (Chrono Boost)  
  30  7:22  Probe (Chrono Boost), Tempest  
  31  7:26  Tempest  
  39  7:33  Probe (Chrono Boost)  
  40  7:44  Probe (Chrono Boost)  
  41  7:54  Probe (Chrono Boost)  
  42  8:05  Probe (Chrono Boost)  
  43  8:11  Nexus  
  43  8:22  Probe (Chrono Boost)  
  44  8:30  Protoss Air Weapons Level 1  
  44  8:32  Probe (Chrono Boost)  
  45  8:43  Probe (Chrono Boost)  
  46  9:07  Probe (Chrono Boost)  
  47  9:11  Tempest  
  51  9:18  Probe (Chrono Boost)  
  52  9:24  Probe (Chrono Boost)  
  52  9:28  Probe (Chrono Boost)  
  54  9:35  Probe (Chrono Boost)  
  55  9:39  Probe (Chrono Boost)  
  57  9:45  Probe (Chrono Boost)  
  57  9:49  Probe (Chrono Boost)  
  57  9:51  Nexus  
  58  9:55  Assimilator  
  58  9:56  Probe (Chrono Boost)  
  58  9:59  Assimilator  
  59  10:00  Probe (Chrono Boost)  
  59  10:06  Probe (Chrono Boost)  
  61  10:08  Tempest  
  65  10:32  Probe x2 (Chrono Boost)  
  68  10:42  Probe (Chrono Boost)  
  68  10:47  Pylon  
  68  10:48  Pylon  
  68  11:02  Tempest x2  
  76  11:17  Probe x2 (Chrono Boost)  
  79  11:18  Probe (Chrono Boost)  
  79  11:28  Probe (Chrono Boost)  
  80  11:41  Probe x3 (Chrono Boost)  
  80  11:45  Tempest  
  80  11:46  Protoss Air Armor Level 1  
  87  11:56  Cybernetics Core  
  87  11:57  Forge  
  87  11:58  Pylon x2  
  87  12:08  Twilight Council  
  87  12:13  Tempest  
  91  12:19  Probe x2 (Chrono Boost)  
  91  12:20  Probe (Chrono Boost)  
  94  12:38  Probe (Chrono Boost)  
  94  12:39  Probe x2 (Chrono Boost)  
  97  12:49  Probe x3 (Chrono Boost)  
  100  12:54  Tempest  
  100  12:57  Tempest  
  88  13:37  Tempest  
  88  13:40  Tempest  
Show
View Real Time Build Order
Export as new Build Order

GruntMaster Terran 

Build Orders:  

Get SALT Encoding   

  12  0:01  SCV  
  13  0:13  SCV  
  14  0:25  SCV, Supply Depot  
  15  0:46  SCV  
  15  0:48  Barracks  
  16  0:58  SCV  
  16  0:59  Refinery  
  16  1:01  Refinery  
  17  1:10  SCV  
  18  1:22  SCV  
  18  1:24  Supply Depot  
  19  1:34  SCV  
  19  1:36  Marine  
  21  1:47  SCV, Factory  
  22  1:53  Marine  
  23  1:59  SCV  
  24  2:11  Marine  
  24  2:12  Bunker  
  25  2:24  SCV  
  25  2:29  Engineering Bay  
  26  2:32  Armory  
  26  2:36  Widow Mine  
  28  2:48  Marine  
  28  2:49  SCV  
  30  3:01  SCV  
  31  3:07  Factory Tech Lab  
  31  3:09  Factory  
  31  3:25  Drilling Claws  
  31  3:26  Factory  
  31  3:34  Terran Vehicle And Ship Armor Level 1  
  31  3:41  Orbital Command  
  31  4:17  Widow Mine  
  31  4:19  Widow Mine  
  31  4:20  Widow Mine  
  29  4:45  Widow Mine  
  29  4:47  Supply Depot  
  31  5:08  Widow Mine  
  31  5:11  Widow Mine  
  28  5:14  Widow Mine  
  14  5:37  Widow Mine  
  14  5:38  SCV  
  14  5:39  Widow Mine  
  19  5:43  Widow Mine  
  21  5:53  SCV  
  22  6:43  SCV  
  23  7:11  Supply Depot  
  23  7:32  Widow Mine x3  
  29  7:52  Command Center  
  29  8:01  SCV  
  30  8:14  SCV  
  31  8:22  Terran Vehicle And Ship Armor Level 2  
  31  8:46  Supply Depot  
  31  8:50  Supply Depot  
  31  9:10  SCV  
  32  9:23  SCV  
  33  9:29  SCV  
  34  9:35  SCV  
  35  9:41  SCV  
  36  9:47  SCV  
  37  9:53  SCV  
  37  9:59  SCV  
  39  10:05  SCV  
  40  10:11  SCV  
  41  10:17  SCV  
  41  10:20  Factory Reactor  
  42  10:23  SCV  
  43  10:29  SCV  
  44  10:35  SCV  
  44  10:39  Command Center  
  44  10:41  SCV  
  46  10:48  SCV  
  47  10:53  SCV  
  47  10:54  Widow Mine  
  50  10:57  Factory Reactor  
  50  11:02  Widow Mine  
  52  11:18  SCV  
  53  11:19  Orbital Command  
  53  11:28  Refinery  
  53  11:31  Refinery  
  53  11:33  Factory Reactor  
  53  11:39  SCV  
  54  11:47  Supply Depot  
  54  11:52  SCV  
  54  11:53  SCV x2  
  57  12:05  SCV x3  
  60  12:17  SCV x2  
  60  12:20  Orbital Command  
  62  12:32  SCV  
  62  12:33  SCV  
  64  12:51  Widow Mine x6  
  66  13:14  Factory  
  66  13:15  Factory  
  66  13:18  Factory  
  60  13:21  Factory  
  46  13:41  Widow Mine  
  46  13:42  Widow Mine x5  
  46  13:45  SCV  
  46  13:46  SCV  
  46  13:48  SCV  
  61  13:56  Supply Depot  
  61  14:07  Factory  
  61  14:09  SCV x2  
  63  14:10  Factory  
  61  14:21  Widow Mine  
  61  14:22  Widow Mine  
  64  14:38  Widow Mine  
Show
View Real Time Build Order
Export as new Build Order

Gram Zerg 

Build Orders: Hatch First 

Get SALT Encoding   

  12  0:01  Drone  
  13  0:12  Overlord  
  13  0:17  Drone  
  14  0:30  Drone  
  14  0:31  Drone  
  16  0:36  Drone  
  17  0:54  Hatchery  
  17  0:56  Drone  
  17  1:12  Drone  
  17  1:13  Drone  
  17  1:14  Extractor  
  18  1:20  Spawning Pool  
  18  1:22  Drone  
  18  1:35  Drone  
  19  1:41  Overlord  
  19  1:55  Drone  
  20  2:02  Drone  
  20  2:06  Queen  
  20  2:07  Queen  
  25  2:14  Roach Warren  
  23  2:18  Drone  
  23  2:21  Drone  
  25  2:24  Drone  
  25  2:29  Drone  
  27  2:32  Drone  
  27  2:35  Drone  
  29  2:47  Drone x2  
  29  2:50  Overlord  
  31  2:56  Roach  
  33  3:00  Roach  
  35  3:11  Overlord  
  35  3:12  Roach  
  37  3:18  Drone x2  
  37  3:19  Roach x2  
  43  3:22  Overlord  
  43  3:26  Lair, Extractor  
  44  3:34  Roach x2  
  44  3:36  Roach  
  44  3:38  Drone  
  44  3:40  Drone  
  50  3:51  Roach x2  
  54  3:59  Overlord x2  
  42  4:27  Roach x7  
  54  4:31  Roach  
  54  4:34  Extractor  
  53  5:03  Roach  
  53  5:04  Roach x6  
  65  5:14  Roach x2  
  65  5:16  Drone  
  65  5:18  Spine Crawler  
  67  5:22  Spine Crawler  
  64  5:33  Roach x2  
  68  5:37  Overlord x2  
  68  5:48  Overlord  
  68  5:54  Spine Crawler x2  
  66  5:57  Spine Crawler  
  66  5:59  Roach  
  66  6:00  Roach x4  
  75  6:14  Roach x4  
  83  6:19  Drone  
  83  6:24  Glial Reconstitution  
  82  6:48  Overlord x3  
  83  7:08  Drone x3  
  83  7:09  Drone x2  
  83  7:10  Drone  
  83  7:12  Drone x5  
  93  7:54  Roach x3  
  93  7:56  Overlord x3  
  99  8:00  Hydralisk Den  
  99  8:03  Evolution Chamber  
  99  8:04  Evolution Chamber  
  96  8:09  Extractor  
  95  8:21  Drone  
  95  8:24  Drone x4  
  95  8:25  Drone  
  101  8:29  Zerg Missile Weapons Level 1, Zerg Ground Armor Level 1  
  101  8:31  Hydralisk x3  
  101  8:32  Hydralisk  
  109  8:38  Ravager x2  
  111  8:46  Drone x3  
  114  9:06  Overseer  
  114  9:09  Ravager x3  
  117  9:11  Zergling x14  
  117  9:13  Metabolic Boost  
  117  9:15  Overlord  
  117  9:16  Overlord  
  124  9:24  Infestation Pit  
  124  9:27  Drone  
  124  9:48  Overlord  
  124  9:51  Hydralisk x6  
  136  10:12  Roach x6  
  136  10:13  Overlord  
  148  10:36  Roach x4  
  148  10:39  Overlord x3  
  156  10:50  Hatchery  
  155  11:04  Hydralisk x7  
  155  11:08  Ravager x3  
  172  11:25  Overlord  
  172  11:26  Overlord  
  172  11:33  Overlord x2  
  172  11:44  Ravager  
  172  11:45  Ravager x4  
  177  12:01  Roach  
  177  12:02  Roach x7  
  85  12:45  Roach x16  
  85  12:46  Roach  
  70  13:34  Hydralisk x2  
  70  13:35  Hydralisk x4  
  45  14:42  Hydralisk x8  
Show
View Real Time Build Order
Export as new Build Order

sroka Zerg 

Build Orders: Hatch First 

Get SALT Encoding   

  12  0:01  Drone  
  13  0:10  Drone  
  14  0:18  Overlord  
  14  0:36  Drone x3  
  17  0:47  Drone  
  18  0:59  Hatchery  
  18  1:03  Drone  
  18  1:09  Drone  
  19  1:20  Spawning Pool  
  19  1:21  Extractor, Drone  
  18  1:42  Drone x2  
  20  1:51  Extractor  
  20  1:53  Drone  
  20  2:08  Queen  
  20  2:09  Spore Crawler  
  21  2:18  Drone, Spore Crawler  
  21  2:20  Drone  
  21  2:21  Drone  
  23  2:43  Drone x2  
  23  2:44  Drone  
  28  2:54  Queen  
  28  2:55  Lair  
  28  2:59  Overlord  
  28  3:03  Baneling Nest  
  27  3:11  Overlord  
  27  3:30  Zergling x10  
  32  3:34  Drone x2  
  32  3:35  Drone  
  35  3:42  Zergling x2  
  35  3:46  Drone  
  37  3:54  Zergling x2  
  38  3:57  Centrifical Hooks  
  38  3:59  Baneling x5  
  38  4:00  Baneling  
  23  4:22  Zergling x8  
    5:27  Drone x8  
    5:28  Drone  
  9  6:05  Spawning Pool  
  8  6:18  Drone  
  8  6:19  Drone  
  10  6:38  Drone x2  
  12  6:54  Queen  
  14  7:02  Drone x3  
  17  7:13  Drone  
  18  7:35  Hatchery  
  17  7:39  Drone  
  17  7:40  Drone  
  19  7:55  Extractor  
  19  7:56  Extractor  
  19  7:58  Drone x2  
  19  7:59  Baneling Nest  
  18  8:23  Drone x2  
  20  8:28  Lair  
  20  8:39  Drone  
  20  8:40  Drone x3  
  24  8:49  Queen  
  24  8:51  Drone  
  27  9:04  Drone  
  28  9:13  Drone x3  
  28  9:14  Drone x2  
  28  9:16  Drone  
  34  9:33  Zergling x2  
  34  9:34  Zergling x2  
  36  9:39  Overlord x3  
  36  9:55  Infestation Pit  
  35  10:02  Baneling x4  
  35  10:05  Drone x3  
  38  10:08  Zergling x2  
  38  10:09  Zergling x4  
  38  10:13  Metabolic Boost  
  41  10:16  Zergling x6  
  44  10:21  Drone x2  
  44  10:22  Drone  
  47  10:37  Pathogen Glands  
  47  10:43  Extractor x2  
  47  10:48  Zergling x2  
  47  10:49  Zergling x8  
  50  10:52  Baneling  
  50  10:53  Baneling x11  
  50  11:21  Overlord x3  
  50  11:23  Zergling x6  
  50  11:25  Zergling x4  
  54  11:26  Zergling x6  
  58  12:36  Zergling x8  
  58  12:37  Zergling x4  
  64  12:38  Zergling x8  
  64  12:39  Zergling x8  
  50  13:05  Baneling  
  50  13:06  Baneling x17  
  50  13:07  Baneling x8  
  50  13:08  Zergling x2  
  50  13:09  Zergling x8  
  50  13:10  Zergling x2  
  50  13:11  Zergling x4  
  37  13:49  Overlord  
  37  13:50  Overseer  
  37  13:51  Pneumatized Carapace  
  37  14:15  Infestor x9  
Show
View Real Time Build Order
Export as new Build Order

Oenomaus Zerg - Winner!

Build Orders: Hatch First, Zergling Baneling 

Get SALT Encoding   

  12  0:01  Drone  
  13  0:13  Overlord  
  13  0:19  Drone  
  14  0:32  Drone x2  
  16  0:35  Drone  
  17  0:54  Hatchery  
  16  0:57  Extractor  
  16  0:58  Drone  
  16  1:04  Drone  
  17  1:19  Spawning Pool  
  17  1:22  Drone  
  17  1:25  Drone  
  18  1:29  Drone  
  19  1:41  Overlord  
  19  1:52  Drone  
  20  2:03  Drone  
  20  2:05  Metabolic Boost  
  20  2:06  Queen  
  23  2:11  Queen  
  25  2:20  Baneling Nest  
  25  2:22  Drone  
  25  2:30  Drone x2  
  25  2:32  Drone  
  28  2:38  Overlord  
  28  2:50  Zergling x8  
  32  3:06  Zergling x6  
  32  3:11  Baneling x2  
  35  3:13  Baneling  
  35  3:14  Baneling x3  
  35  3:21  Zergling x6  
  35  3:22  Zergling x4  
  35  3:24  Overlord  
  40  3:30  Zergling x2  
  40  3:31  Zergling x2  
  42  3:43  Spine Crawler  
  42  3:47  Spore Crawler  
  42  3:48  Zergling x6  
  43  3:51  Baneling  
  43  3:52  Baneling  
  43  4:04  Overlord  
  43  4:08  Zergling x8  
  36  4:24  Zergling x2  
  34  4:25  Zergling x4  
  34  4:26  Zergling x6  
  39  4:40  Zergling x12  
  39  4:55  Zergling x8  
  42  5:09  Baneling x2  
  42  5:12  Zergling x4  
  40  5:32  Zergling x2  
  40  5:33  Zergling x14  
  48  5:37  Lair  
  48  5:38  Overlord  
  47  5:57  Baneling x5  
  47  5:58  Baneling  
  47  5:59  Baneling  
  47  6:00  Drone  
  47  6:01  Drone x4  
  41  6:26  Drone  
  41  6:27  Drone x6  
  38  6:40  Extractor  
  38  6:42  Extractor  
  38  6:43  Drone x2  
  38  6:44  Extractor  
  37  6:51  Spire  
  36  6:55  Drone x2  
  36  6:56  Drone  
  39  7:02  Drone  
  39  7:07  Drone  
  41  7:11  Drone  
  41  7:15  Drone x3  
  45  7:23  Drone x5  
  50  7:41  Hatchery  
  49  7:56  Infestation Pit  
  48  8:23  Drone x11  
  48  8:24  Drone x4  
  63  8:41  Hive  
  63  8:45  Extractor  
  62  8:48  Extractor  
  62  8:55  Queen  
  61  8:56  Drone  
  61  8:57  Drone x3  
  61  8:58  Drone x4  
  71  9:10  Overlord x2  
  71  9:11  Overlord x6  
  71  9:19  Queen  
  73  9:33  Spire  
  72  9:48  Corruptor x3  
  72  9:49  Corruptor x6  
  72  9:50  Corruptor x3  
  96  10:17  Greater Spire  
  96  10:19  Corruptor x4  
  96  10:20  Corruptor x3  
  110  11:25  Corruptor x5  
  112  11:26  Corruptor x4  
  128  11:36  Zerg Flyer Weapons Level 1  
  128  11:38  Zerg Flyer Armor Level 1  
  128  12:11  Overlord x2  
  128  12:12  Overlord x2  
  128  12:16  Brood Lord  
  128  12:17  Brood Lord x4  
  138  12:39  Brood Lord x2  
  134  13:24  Corruptor x4  
  134  13:25  Corruptor x4  
  118  13:48  Corruptor  
  118  13:49  Corruptor x2  
  122  14:18  Corruptor x2  
  122  14:19  Corruptor x2  
  130  14:50  Corruptor x4  
  130  14:51  Corruptor  
Show
View Real Time Build Order
Export as new Build Order

Thomass Zerg - Winner!

Build Orders: Hatch First, Lurkers 

Get SALT Encoding   

  12  0:01  Drone  
  13  0:13  Overlord  
  13  0:18  Drone  
  14  0:31  Drone x2  
  16  0:38  Drone  
  17  0:56  Hatchery  
  16  0:59  Drone  
  16  1:01  Drone  
  18  1:04  Extractor  
  17  1:21  Spawning Pool, Drone  
  17  1:25  Drone  
  18  1:32  Overlord  
  18  2:02  Overlord  
  18  2:08  Queen  
  20  2:09  Queen  
  20  2:10  Metabolic Boost  
  20  2:12  Zergling x2  
  23  2:19  Zergling x2  
  24  2:25  Zergling x2  
  25  2:34  Drone  
  25  2:35  Drone x3  
  29  2:42  Zergling x2  
  30  2:48  Drone  
  31  2:59  Zergling x2  
  31  3:00  Zergling x2  
  33  3:07  Overlord  
  33  3:14  Zergling x2  
  33  3:15  Zergling x2, Baneling Nest  
  33  3:17  Zergling x2  
  33  3:19  Zergling x2  
  36  3:21  Overlord  
  36  3:32  Zergling x10  
  41  3:45  Zergling x4  
  43  3:55  Zergling x10  
  47  3:56  Zergling x2  
  42  4:18  Zergling x4  
  42  4:19  Zergling x4  
  44  4:25  Zergling x4  
  46  4:38  Zergling x4  
  46  4:53  Drone x3  
  46  4:54  Drone  
  46  4:57  Baneling x3  
  46  4:58  Baneling x3  
  40  5:11  Zergling x6  
  33  5:31  Extractor, Spore Crawler, Roach Warren  
  33  5:32  Drone x2  
  33  5:34  Spore Crawler, Drone  
  33  5:35  Drone x2  
  31  5:56  Overlord, Drone x3  
  34  5:59  Extractor x2  
  34  6:01  Lair  
  34  6:02  Drone  
  33  6:06  Hatchery  
  32  6:12  Roach x2  
  32  6:13  Roach  
  32  6:14  Roach  
  40  6:30  Evolution Chamber  
  40  6:32  Drone  
  40  6:34  Drone x3  
  40  6:35  Drone  
  40  6:38  Roach  
  48  6:40  Roach  
  48  6:47  Overlord  
  48  6:54  Spore Crawler  
  48  6:55  Drone  
  48  7:00  Drone  
  49  7:11  Hydralisk Den  
  49  7:12  Ravager x5  
  49  7:13  Ravager  
  54  7:17  Drone  
  54  7:20  Glial Reconstitution  
  55  7:24  Overseer  
  55  7:28  Roach  
  57  7:32  Zerg Missile Weapons Level 1  
  57  7:36  Overseer  
  57  7:51  Overlord x2  
  57  7:57  Overlord  
  57  8:02  Evolution Chamber  
  56  8:08  Muscular Augments  
  56  8:11  Drone x3  
  59  8:35  Hydralisk  
  59  8:36  Hydralisk x2  
  59  8:37  Zerg Ground Armor Level 1  
  65  8:41  Drone  
  65  8:42  Drone x2  
  65  8:44  Drone  
  65  8:47  Drone  
  70  9:04  Drone x5  
  70  9:05  Overlord, Drone  
  70  9:09  Spore Crawler  
  75  9:15  Spine Crawler  
  74  9:18  Spine Crawler  
  74  9:21  Drone  
  74  9:22  Drone  
  74  9:24  Drone  
  76  9:29  Lurker Den  
  76  9:38  Hydralisk  
  78  9:41  Drone  
  78  9:42  Drone x2  
  81  9:55  Zerg Missile Weapons Level 2  
  81  9:58  Hydralisk x2  
  81  9:59  Hydralisk  
  87  10:04  Drone x2  
  87  10:06  Extractor  
  88  10:07  Hydralisk, Extractor  
  88  10:10  Overlord  
  88  10:12  Overlord  
  89  10:24  Drone  
  89  10:25  Spore Crawler  
  89  10:26  Overlord x3  
  89  10:33  Hydralisk x2  
  93  10:38  Queen  
  95  10:43  Hydralisk  
  95  10:49  Overseer x2  
  97  10:57  Hydralisk x3  
  97  10:58  Overlord  
  103  11:06  Zerg Ground Armor Level 2  
  103  11:16  Lurker x4  
  103  11:17  Lurker x2  
  109  11:19  Hydralisk  
  109  11:25  Hydralisk  
  113  11:41  Hydralisk x4  
  113  11:42  Overlord  
  113  11:43  Overlord  
  121  11:53  Hydralisk x3  
  127  11:56  Overlord  
  127  12:02  Lurker  
  127  12:04  Lurker x2  
  127  12:05  Lurker x2  
  132  12:12  Drone  
  132  12:13  Drone  
  134  12:18  Hydralisk  
  134  12:19  Hydralisk x2  
  137  12:48  Hydralisk x5  
  137  12:49  Hydralisk x2  
  144  13:04  Hydralisk  
  144  13:05  Hydralisk x4  
  147  13:09  Hydralisk  
  147  13:11  Overlord  
  147  13:12  Overlord  
  126  13:28  Hydralisk x2  
  126  13:29  Hydralisk x3  
  130  13:37  Drone  
  130  13:38  Drone  
  130  13:49  Hydralisk x2  
  130  13:50  Hydralisk x2  
  130  13:55  Lurker x4  
  141  14:02  Drone x2  
  141  14:29  Hydralisk x4  
  149  14:44  Hydralisk  
  149  14:45  Hydralisk  
  153  14:49  Overlord x3, Hatchery  
  160  15:18  Infestation Pit  
Show
View Real Time Build Order
Export as new Build Order

DaemonHell Protoss - Winner!

Build Orders:  

Get SALT Encoding   

  12  0:01  Probe (Chrono Boost)  
  13  0:17  Pylon  
  13  0:18  Probe (Chrono Boost)  
  14  0:29  Probe (Chrono Boost)  
  15  0:40  Probe (Chrono Boost)  
  16  0:49  Gateway  
  16  0:51  Probe (Chrono Boost)  
  17  1:01  Probe (Chrono Boost)  
  18  1:06  Gateway  
  18  1:12  Probe (Chrono Boost)  
  19  1:18  Assimilator  
  19  1:23  Probe (Chrono Boost)  
  20  1:36  Pylon  
  20  1:39  Cybernetics Core  
  20  1:49  Zealot  
  22  2:03  Gateway  
  22  2:04  Gateway, Pylon  
  22  2:33  Nexus  
  22  2:35  Stalker  
  24  2:43  Stalker  
  26  2:51  Stalker  
  28  3:01  Stalker  
  30  3:08  Pylon  
  30  3:18  Stalker  
  32  3:38  Probe (Chrono Boost)  
  32  3:41  Stalker  
  35  3:49  Probe (Chrono Boost)  
  36  3:55  Stalker  
  36  3:59  Probe (Chrono Boost)  
  33  4:21  Stalker  
  33  4:33  Probe (Chrono Boost), Assimilator  
  34  4:39  Stalker  
  34  4:42  Probe (Chrono Boost)  
  34  4:43  Probe (Chrono Boost)  
  38  4:53  Probe (Chrono Boost)  
  38  4:54  Stalker  
  39  5:03  Probe (Chrono Boost)  
  38  5:09  Stalker  
  40  5:28  Stalker  
  36  6:09  Probe (Chrono Boost)  
  31  6:19  Probe (Chrono Boost)  
  31  6:24  Stalker  
  31  6:25  Twilight Council  
  34  6:28  Pylon  
  34  6:30  Probe (Chrono Boost)  
  35  6:36  Probe (Chrono Boost)  
  35  6:39  Zealot x3  
  42  6:40  Probe (Chrono Boost)  
  42  6:42  Assimilator  
  42  6:46  Probe (Chrono Boost)  
  44  6:48  Assimilator  
  44  6:49  Gateway  
  44  6:50  Gateway  
  44  6:51  Probe (Chrono Boost)  
  44  6:52  Pylon  
  45  6:54  Zealot  
  45  6:57  Probe (Chrono Boost)  
  48  7:01  Probe (Chrono Boost)  
  48  7:06  Zealot x3  
  48  7:07  Blink (Chrono Boost)  
  48  7:08  Probe (Chrono Boost)  
  56  7:12  Probe (Chrono Boost)  
  57  7:19  Probe (Chrono Boost)  
  57  7:21  Zealot  
  57  7:22  Probe (Chrono Boost)  
  62  7:30  Probe (Chrono Boost)  
  62  7:33  Probe (Chrono Boost), Zealot x3  
  62  7:36  Stalker  
  71  7:37  Stalker  
  71  7:40  Probe (Chrono Boost)  
  74  7:49  Zealot  
  76  8:00  Stalker  
  76  8:05  Pylon  
  78  8:07  Pylon  
  78  8:10  Pylon  
  78  8:23  Stalker x3, Sentry  
  78  8:25  Stalker  
  88  8:35  Stalker  
  90  8:49  Stalker  
  90  8:53  Stalker x2  
  96  9:00  Charge (Chrono Boost)  
  96  9:22  Nexus  
  96  9:23  Pylon  
  96  9:31  Warp Gate  
  96  9:37  Robotics Facility  
  94  9:52  Stalker  
  96  9:53  Stalker x5  
  106  10:02  Pylon  
  106  10:04  Pylon  
  106  10:05  Pylon  
  106  10:11  Forge  
  106  10:13  Forge  
  106  10:22  Stalker  
  106  10:23  Stalker x5  
  118  10:34  Assimilator, Probe  
  118  10:36  Assimilator  
  119  10:45  Probe  
  120  10:52  Stalker  
  120  10:53  Stalker x3  
  120  10:55  Probe  
  129  11:16  Probe  
  130  11:27  Probe  
  130  11:32  Stalker x2  
  133  11:33  Stalker  
  133  11:37  Protoss Ground Weapons Level 1 (Chrono Boost)  
  133  11:38  Probe  
  138  11:40  Protoss Ground Armor Level 1 (Chrono Boost)  
  138  11:50  Pylon  
  138  11:51  Pylon  
  138  11:52  Pylon  
  138  11:56  Robotics Bay  
  64  12:44  Stalker  
  64  12:45  Stalker x5  
  64  13:14  Probe, Stalker  
  64  13:15  Stalker x5  
  77  13:20  Extended Thermal Lance  
  77  13:24  Protoss Ground Weapons Level 2 (Chrono Boost)  
  77  13:25  Probe, Colossus  
  82  13:36  Probe  
  83  13:44  Stalker  
  83  13:45  Stalker x5  
  95  13:51  Nexus  
  85  14:14  Stalker x2  
  85  14:15  Stalker x4  
  91  14:44  Stalker x4  
  91  14:45  Stalker x2  
  103  15:00  Assimilator  
  103  15:02  Assimilator  
Show
View Real Time Build Order
Export as new Build Order

Fermi Terran - Winner!

Build Orders:  

Get SALT Encoding   

  12  0:01  SCV  
  13  0:13  SCV  
  14  0:21  Supply Depot  
  14  0:25  SCV  
  15  0:43  SCV  
  15  0:46  Barracks  
  16  0:55  SCV  
  16  0:57  Barracks  
  17  1:07  SCV  
  18  1:12  Barracks  
  18  1:19  SCV  
  19  1:26  Barracks  
  19  1:37  Marine  
  19  1:39  SCV  
  21  1:47  Supply Depot  
  21  1:48  Marine  
  22  1:55  Marine  
  23  2:09  Marine x2, Supply Depot  
  23  2:12  Barracks  
  25  2:16  Marine x2  
  27  2:28  Marine  
  27  2:29  Marine  
  29  2:32  Supply Depot  
  29  2:36  Marine  
  30  2:40  Marine  
  31  2:46  Marine  
  31  2:47  Marine  
  33  2:54  Marine  
  33  2:55  Supply Depot  
  33  2:57  Marine  
  35  3:01  Marine  
  35  3:04  Marine  
  37  3:11  Marine  
  38  3:13  Marine  
  38  3:15  Marine  
  38  3:18  Supply Depot  
  40  3:27  Marine x2  
  40  3:29  Marine  
  40  3:30  Marine  
  40  3:33  Marine  
  45  3:44  Marine  
  45  3:45  Marine  
  47  3:55  Marine x2  
  47  3:56  Marine  
  35  4:29  Marine x3  
  35  4:30  Marine x2  
  39  4:47  Marine x4  
  39  4:48  Marine  
  34  5:05  Marine x5  
  39  5:22  Marine  
  39  5:23  Marine x4  
  44  5:40  Marine x2  
  44  5:41  Marine x3  
  40  5:58  Marine x2  
  40  5:59  Marine x3  
  45  6:16  Marine x4  
  45  6:17  Marine  
  50  6:34  Marine x5  
  55  6:51  Marine  
  55  6:52  Marine x4  
  42  7:09  Marine  
  42  7:10  Marine x4  
  42  7:15  Orbital Command  
  47  7:18  Refinery  
  47  7:20  Refinery  
  47  7:27  Marine x2  
  47  7:28  Marine x2  
  46  7:47  Command Center  
  46  7:50  Marine x3  
  46  7:51  Marine  
  50  8:00  Barracks Tech Lab  
  50  8:18  Barracks Reactor  
  50  8:19  Barracks Reactor  
  50  8:20  Marine x3  
  53  8:34  Supply Depot  
  53  8:38  Marine x3  
  56  8:57  Supply Depot, Barracks Reactor x2  
  56  9:01  Stimpack  
  56  9:13  Orbital Command  
  56  9:32  SCV  
  56  9:33  Refinery  
  56  9:34  Marine x3  
  56  9:35  Marine x4, Refinery  
  56  9:36  Marine  
  65  9:44  SCV  
  66  10:07  Factory  
  66  10:13  Supply Depot  
  66  10:16  Engineering Bay  
  66  10:20  Engineering Bay  
  66  10:23  SCV x2  
  66  10:26  Marine x4  
  72  10:28  Marine  
  72  10:29  Marine  
  74  10:35  SCV  
  75  10:43  SCV  
  76  10:54  Starport  
  76  10:55  Factory Reactor  
  76  11:00  SCV x2  
  76  11:03  Terran Infantry Weapons Level 1  
  78  11:04  Terran Infantry Armor Level 1  
  78  11:06  Combat Shields  
  78  11:16  Armory  
  78  11:17  SCV  
  78  11:18  SCV  
  80  11:40  Factory Tech Lab  
  80  11:41  Medivac x2  
  84  11:47  Supply Depot  
  84  12:10  Supply Depot  
  84  12:11  Medivac x2  
  88  12:18  Marine  
  88  12:19  Marine x3  
  88  12:20  Marine x5  
  97  12:41  Medivac x2  
  51  13:01  Marine x2  
  51  13:02  Marine x7  
  58  13:19  Marine x2  
  60  13:20  Marine x4  
  56  13:33  Marine x3  
  56  13:37  Marine x6  
  62  13:50  Marine  
  62  13:51  Marine  
  52  14:49  Marine x6  
  52  14:50  Marine x3  
Tags
 
Add a new tag
Caveats
  • Supply blocks, unpowered buildings, or Contaminate may cause inaccurate times.
  • Supply counts are checked every 10 seconds.